 Dungeon Crawl Stone Soup version 0.28.0 (webtiles) character file.

Game seed: 2658070555250181448

95 KamiKatze the Skirmisher (level 4, 0/29 HPs)
             Began as a Gargoyle Berserker on Feb 8, 2022.
             Was a Believer of Trog.
             Slain by a goblin (2 damage)
             ... led by Robin
             ... on level 2 of the Dungeon.
             The game lasted 00:07:37 (2448 turns).

KamiKatze the Skirmisher (Gargoyle Berserker)       Turns: 2448, Time: 00:07:37

Health: 0/29       AC:  7    Str: 23    XL:     4   Next: 65%
Magic:  4/4        EV: 11    Int:  7    God:    Trog [**....]
Gold:   77         SH:  0    Dex:  9    Spells: 3/3 levels left

rFire   . . .      SeeInvis .   (no weapon)
rCold   . . .      Faith    .   (no shield)
rNeg    + . .      Spirit   .   b - +0 animal skin
rPois   ∞          Reflect  .   p - +0 helmet
rElec   +          Harm     .   (no cloak)
rCorr   .          Rampage  .   (no gloves)
Will    .....                   h - +0 pair of boots
Stlth   +.........              (no amulet)
HPRegen 0.09/turn               (no ring)
MPRegen 0.09/turn               (no ring)

@: on berserk cooldown, slowed, very slow
A: sickness immunity, AC +3, negative energy resistance 1, electricity
resistance, torment resistance 1, petrification resistance
a: Renounce Religion, Berserk, Trog's Hand


You were on level 2 of the Dungeon.
You worshipped Trog.
Trog was pleased with you.
You visited 1 branch of the dungeon, and saw 3 of its levels.

You collected 113 gold pieces.
You spent 36 gold pieces at shops.

Inventory:

Missiles
 c - a throwing net
 d - 19 stones (quivered)
 m - 5 poisoned darts
Armour
 b - a +0 animal skin (worn)
 h - a +0 pair of boots (worn)
 p - a +0 helmet (worn)
Jewellery
 o - a +6 ring of intelligence
Scrolls
 e - 2 scrolls of fog {unknown}
 f - a scroll of silence {unknown}
 i - a scroll of enchant armour {unknown}
 j - a scroll of holy word {unknown}
 k - 4 scrolls of teleportation
 l - a scroll of immolation {unknown}
 n - 2 scrolls of identify
Potions
 g - 2 potions of magic
 q - a potion of brilliance


   Skills:
 + Level 4.2 Fighting
 * Level 4.2 Axes
 - Level 2.1 Armour
 - Level 1.5 Dodging


You had 3 spell levels left.
You didn't know any spells.
Your spell library was empty.

Dungeon Overview and Level Annotations

Branches:
Dungeon (3/15)

Altars:

Shops:
D:1 *   D:2 (

Annotations:
D:3 Robin


Innate Abilities, Weirdness & Mutations

You are immune to sickness and miasma.
Your stone body is resilient. (AC +3)
You are immune to poison.
You resist negative energy. (rN+)
You are resistant to electric shocks. (rElec)
You are resistant to unholy torment.
You are immune to petrification.


Message History

Unknown command.
You hit the goblin.
The goblin is almost dead.
Robin hits you with a +0 falchion!
* * * LOW HITPOINT WARNING * * *
The goblin hits you but does no damage. x2
A red film seems to cover your vision as you go berserk!
You feel yourself moving faster!
You feel mighty! The goblin misses you. The goblin barely misses you.
The goblin hits you with a +0 club.
* * * LOW HITPOINT WARNING * * *
You closely miss the goblin.
The goblin is almost dead.
The goblin hits you with a +0 club.
* * * LOW HITPOINT WARNING * * *
You hit the goblin.
You kill the goblin!
Trog accepts your kill. The goblin misses you.
The goblin hits you with a +0 dagger.
* * * LOW HITPOINT WARNING * * *
Items here: ))) †.
You feel a strong urge to attack something.
Robin throws the goblin at you!
* * * LOW HITPOINT WARNING * * *
There is a stone staircase leading up here.
The goblin hits you but does no damage.
You climb upwards.
You feel your anger nearly subside.
There is a stone staircase leading down here.
You closely miss the goblin.
You are no longer berserk.
You are exhausted.
You feel yourself slow down.
The goblin no longer looks unusually strong.
The goblin barely misses you. The goblin completely misses you.
You closely miss the goblin. The goblin hits you with a +0 club.
* * * LOW HITPOINT WARNING * * *
The goblin barely misses you.
You closely miss the goblin. The goblin hits you with a +0 club.
You die...

..........#...##.#.#....)...#
...######.#.#...............#
...#....#.#.#..#.#..........#
...#<##.#.#.#..#.#..........#
...#....#.#.#....###........#
#....#..#.#.#.#..# #........#
##.#.####.#.#.#..# #.######.#####
##.#...[..#.#.#g.###.#### #......
##.########.#.#.@g##....# #..####
##.# #.#.#...##.##.###..# ...##
#.#.+...####.....####
##..#######.###...#8..........#
.##...........#...#^#.......#^###
..#.#######.#.#...#...........#..
..#....## #.#.....###.##_##.#####
.#####..# #.#.....#....#.#..^.#..
'###.##.# #.+.....######.######..


You could see 2 goblins.

Vanquished Creatures
  A gnoll (D:1)
  2 adders (D:2)
  3 worms (D:2)
  5 ball pythons
  3 endoplasms
  6 giant cockroaches
  6 goblins
  6 hobgoblins
  4 kobolds
  A quokka (D:2)
  5 bats
  2 frilled lizards
  13 rats
57 creatures vanquished.

Vanquished Creatures (others)
  2 fungi (D:1)
2 creatures vanquished.

Grand Total: 59 creatures vanquished

Notes
Turn   | Place    | Note
-------+----------+-------------------------------------------
     0 | D:1      | KamiKatze the Gargoyle Berserker began the quest for the
                  | Orb.
     0 | D:1      | Reached XP level 1. HP: 14/14 MP: 1/1
   173 | D:1      | Reached XP level 2. HP: 16/19 MP: 2/2
   221 | D:1      | Found Ycuy's General Store.
   362 | D:1      | Reached XP level 3. HP: 14/24 MP: 3/3
  1026 | D:2      | Reached ** piety under Trog
  1308 | D:2      | Found a faded altar of an unknown god.
  1319 | D:2      | Reached XP level 4. HP: 23/29 MP: 4/4
  1397 | D:2      | Found Lameur's Weapon Boutique.
  1667 | D:1      | Bought a scroll of teleportation for 36 gold pieces
  2428 | D:3      | Noticed Robin
  2448 | D:2      | Slain by a goblin

Illustrated notes

Levels and vault maps discovered:
D:1:      dpeg_arrival_prison, layout_basic, serial_shops, nicolae_square_shop,
          minmay_cupped
D:2:      layout_basic, shapermc_ecumenical_altar_mp_highgroup, serial_shops,
          nicolae_shop_window_shopping, minmay_joined_circles
D:3:      layout_basic, uniq_ijyb, uniq_robin

Skill      XL: |  1  2  3  4 |
---------------+-------------+-----
Axes           | 3 4 |  4.2
Fighting       | 4 |  4.2
Armour         | |  2.1
Dodging        | |  1.5

Action                   |  1- 3 |  4- 6 || total
-------------------------+-------+-------++-------
Melee: Hand axe          |    87 |    72 ||   159
       Unarmed           |       |    14 ||    14
Invok: Berserk           |     1 |     2 ||     3
  Use: Scroll            |       |     2 ||     2
 Stab: Sleeping          |     1 |       ||     1
Armor: Animal skin       |    28 |    31 ||    59
Dodge: Dodged            |    48 |    46 ||    94
